 Dungeon Sprint DCSS version 0.18.1-50-g88ac8fd (webtiles) character file.

1241 grisgris the Sorcerer (level 8, 0/41 HPs)
             Began as a Deep Elf Fire Elementalist on Oct 26, 2016.
             Was a Follower of Vehumet.
             Shot with an arrow by a centaur warrior (18 damage)
             ... in the Dungeon (Sprint I: "Red Sonja").
             The game lasted 00:09:59 (976 turns).

grisgris the Sorcerer (Deep Elf Fire Elementalist)   Turns: 976, Time: 00:09:59

Health: 0/41       AC:  5    Str:  5    XL:     8   Next: 25%
Magic:  17/35      EV: 13    Int: 23    God:    Vehumet [*.....]
Gold:   199        SH:  0    Dex: 15    Spells: 4 memorised, 37 levels left

rFire  . . .     SeeInvis .     (no weapon)
rCold  . . .     Gourm    .     a - +0 robe
rNeg   . . .     Faith    .     (no shield)
rPois  .         Spirit   .     h - +0 helmet (curse)
rElec  .         Dismiss  .     j - +1 cloak
rCorr  .         Reflect  .     (no gloves)
SustAt .         Harm     .     (no boots)
MR     .....     NoTele   +     (no amulet)
Stlth  ++........               (no ring)
                                (no ring)

@: very slightly contaminated, not resistant to hostile enchantments, unstealthy
A: no striking features
a: Renounce Religion


You were in the Dungeon.
You worshipped Vehumet.
Vehumet was aware of your devotion.
You were not hungry.

You visited 1 branch You collected 405 gold pieces.
You spent 206 gold pieces at shops.

Inventory:

Armour
 a - a +0 robe (worn)
 h - a cursed +0 helmet (worn)
 j - a +1 cloak (worn)
Scrolls
 i - a scroll of blinking
Potions
 d - a potion of curing
 e - a potion of heal wounds
 f - a potion of mutation {unknown}
 g - 2 potions of magic
Books
 b - a book of Flames

   Spells                             Type                      Level
   a - Flame Tongue                   Conjuration/Fire             1
   b - Throw Flame                    Conjuration/Fire             2
   c - Conjure Flame                  Conjuration/Fire             3
   d - Inner Flame                    Hexes/Fire                   3
   e - Sticky Flame                   Conjuration/Fire             4
   f - Fireball                       Conjuration/Fire             5


   Skills:
 - Level 2.4 Dodging
 - Level 2.4 Stealth
 * Level 21.2 Spellcasting
 + Level 1.1 Conjurations
 + Level 3.2 Fire Magic


You had 37 spell levels left.
You knew the following spells:

 Your Spells              Type           Power        Failure   Level  Hunger
a - Flame Tongue          Conj/Fire      ####.        1%          1    None
b - Throw Flame           Conj/Fire      ####..       1%          2    None
c - Sticky Flame          Conj/Fire      ####....     10%         4    None
d - Fireball              Conj/Fire      ####......   24%         5    None


Dungeon Overview and Level Annotations

Branches:
Dungeon (1/1)

Altars:
Cheibriados
Dithmenos
Elyvilon
Fedhas
Gozag
Kikubaaqudgha
Makhleb
Nemelex Xobeh
Okawaru
Pakellas
Qazlal
Ru
Sif Muna
Trog
Vehumet
Xom
Yredelemnul
Zin
The Shining One
Jiyva

Shops:
D [


Message History

The arrow hits you!
You hear a splash.
There is an open door here.
Casting: Fireball
Confirm with . or Enter, or press ? or * to list all spells.
Aiming: Fireball
Press: ? - help, Shift-Dir - straight line, f/p - centaur warrior
Aim: a centaur warrior, wielding a shortbow (moderately wounded)
The fireball explodes!
The fireball engulfs the centaur warrior.
The centaur warrior is heavily wounded.
Casting: Fireball
Confirm with . or Enter, or press ? or * to list all spells.
Aiming: Fireball
Press: ? - help, Shift-Dir - straight line The fireball explodes!
You are engulfed in a cloud of scalding steam.
The centaur warrior wields a runed shortbow.
It bursts into flame!
The centaur warrior shoots an arrow.
The arrow hits you!!
You die...

##########################
#<.#..'..#..'..#__#..))..#
#..'[)#..').#..'..'..#...#
#..#####'#####'#__####...+
#..####..#...#§####§(#####
#..#__####..##.#§§§§§#
#..#_.___##'#.§@§cc§c
#⌠⌠#_.∩...'..._#§§§§§#
####_..._##_.#'##+####
#_____###+#.# ####### ###


You could see a centaur warrior.

Vanquished Creatures
  2 kobold demonologists (D)
  A slime creature (D)
  Sigmund (D)
  A yak (D)
  A giant eyeball (D)
  An ogre (D)
  A jelly (D)
  Ijyb (D)
9 creatures vanquished.

Vanquished Creatures (others)
  2 wasps (D)
2 creatures vanquished.

Grand Total: 11 creatures vanquished

Notes
Turn   | Place    | Note
--------------------------------------------------------------
     0 | D        | grisgris the Deep Elf Fire Elementalist began the quest for the Orb.
     0 | D        | Reached XP level 1. HP: 10/10 MP: 6/6
     1 | D        | Noticed Ijyb
    13 | D        | Killed Ijyb
    13 | D        | Reached skill level 8 in Spellcasting
    13 | D        | Reached XP level 2. HP: 15/15 MP: 7/13
    19 | D        | Learned a level 2 spell: Throw Flame
    38 | D        | Noticed an ogre
    44 | D        | Killed an ogre
    44 | D        | Reached skill level 12 in Spellcasting
    44 | D        | Reached XP level 3. HP: 17/19 MP: 1/18
    44 | D        | Reached XP level 4. HP: 21/24 MP: 1/20
    50 | D        | Learned a level 4 spell: Sticky Flame
   170 | D        | Noticed Sigmund
   177 | D        | Killed Sigmund
   177 | D        | Reached skill level 15 in Spellcasting
   177 | D        | Reached XP level 5. HP: 9/28 MP: 16/24
   386 | D        | Found a deep blue altar of Sif Muna.
   388 | D        | Found a radiant altar of Vehumet.
   392 | D        | Reached XP level 6. HP: 32/32 MP: 16/26
   398 | D        | Became a worshipper of Vehumet
   399 | D        | Found Nodghimy's Antique Armour Emporium.
   399 | D        | Found a white marble altar of Elyvilon.
   399 | D        | Found a burning altar of Makhleb.
   399 | D        | Found a sacrificial altar of Ru.
   399 | D        | Found an oddly glowing altar of Pakellas.
   399 | D        | Found a glowing golden altar of the Shining One.
   399 | D        | Found an opulent altar of Gozag.
   399 | D        | Found a glowing silver altar of Zin.
   399 | D        | Noticed a yak
   400 | D        | Found a stormy altar of Qazlal.
   400 | D        | Found a basalt altar of Yredelemnul.
   400 | D        | Found an iron altar of Okawaru.
   400 | D        | Found a sparkling altar of Nemelex Xobeh.
   400 | D        | Found a shimmering altar of Xom.
   400 | D        | Found an ancient bone altar of Kikubaaqudgha.
   414 | D        | Killed a yak
   414 | D        | Reached skill level 17 in Spellcasting
   427 | D        | Found a bloodstained altar of Trog.
   431 | D        | Bought a glowing helmet for 103 gold pieces
   517 | D        | Learned a level 5 spell: Fireball
   536 | D        | Bought a glowing cloak for 103 gold pieces
   553 | D        | Found a snail-covered altar of Cheibriados.
   553 | D        | Found a viscous altar of Jiyva.
   553 | D        | Found a shadowy altar of Dithmenos.
   553 | D        | Found a blossoming altar of Fedhas.
   553 | D        | Noticed a slime creature
   571 | D        | Killed a slime creature
   571 | D        | Reached skill level 18 in Spellcasting
   571 | D        | Reached XP level 7. HP: 9/36 MP: 13/31
   824 | D        | Noticed a centaur warrior
   824 | D        | Noticed a centaur warrior
   836 | D        | Noticed a kobold demonologist
   838 | D        | Noticed a kobold demonologist
   839 | D        | Reached * piety under Vehumet
   839 | D        | Offered knowledge of Magic Dart by Vehumet.
   839 | D        | Reached skill level 19 in Spellcasting
   843 | D        | Noticed a sixfirhy
   844 | D        | Killed a kobold demonologist
   844 | D        | Reached skill level 20 in Spellcasting
   844 | D        | Reached XP level 8. HP: 38/41 MP: 10/34
   845 | D        | Noticed a hellwing
   847 | D        | Killed a kobold demonologist
   847 | D        | Reached skill level 21 in Spellcasting
   976 | D        | Shot with an arrow by a centaur warrior

Skill      XL: |  1  2  3  4  5  6  7  8 |
---------------+-------------------------+-----
Spellcasting   | 8 12 15 18 20 21 | 21.2
Dodging        | |  2.4
Stealth        | |  2.4
Conjurations   | |  1.1
Fire Magic     | |  3.2

Action                   |  1- 3 |  4- 6 |  7- 9 || total
-------------------------+-------+-------+-------++-------
Melee: Unarmed           |    10 |       |     1 ||    11
 Cast: Throw Flame       |     4 |     5 |       ||     9
       Sticky Flame      |       |     7 |     3 ||    10
       Flame Tongue      |       |     2 |     2 ||     4
       Fireball          |       |       |     4 ||     4
  Use: Potion            |     2 |       |     1 ||     3
  Eat: Bread ration      |       |       |     1 ||     1
Armor: Robe              |     1 |       |     5 ||     6
Dodge: Dodged            |     2 |     9 |     6 ||    17
